 Dungeon Crawl Stone Soup version 0.13-b1-17-g3cedf87 (webtiles) character file.

135 Chiseanne the Ducker (level 4, -7/34 HPs)
             Began as a Demonspawn Monk on Sept 30, 2013.
             Killed from afar by an orc wizard (9 damage)
             ... with a magic dart
             ... on Level 3 of the Dungeon.
             The game lasted 00:09:02 (2708 turns).

Chiseanne the Ducker (Demonspawn Monk)              Turns: 2708, Time: 00:09:02

HP  -7/34        AC  5     Str 11      XL: 4   Next: 44%
MP   0/3         EV  9     Int 12      God:
Gold 37          SH  0     Dex 16      Spells:  0 memorised,  3 levels left

Res.Fire  : . . .   See Invis. : .   c - +0,+2 flail
Res.Cold  : . . .   Warding    : .   d - +0 dwarf ring mail
Life Prot.: . . .   Conserve   : .   (no shield)
Res.Poison: .       Res.Corr.  : .   (no helmet)
Res.Elec. : .       Clarity    : .   (no cloak)
Sust.Abil.: . .     Spirit.Shd : +   (no gloves)
Res.Mut.  : .       Stasis     : .   (no boots)
Res.Rott. : .       Flight     : .   (no amulet)
Saprovore : . . .                    (no ring)
                                     (no ring)

@: very slightly contaminated, hasted, very quick, slightly resistant to hostile
enchantments, unstealthy
A: hooves 1, magic shield
a: no special abilities


You were on level 3 of the Dungeon.
You were not hungry.

You visited 1 branch of the dungeon, and saw 3 of its levels.

You collected 37 gold pieces.

Inventory:

Hand weapons
 c - a +0,+2 flail (weapon)
Missiles
 i - 20 darts (quivered)
 n - 17 arrows
 o - 13 poisoned needles
 p - 24 bolts
Armour
 a - a +0 robe
 d - a +0 dwarven ring mail (worn)
Comestibles
 b - 3 bread rations
 g - 2 meat rations
 h - an orange
 s - a snozzcumber
Scrolls
 f - 2 scrolls of recharging {unknown}
 j - a scroll of curse jewellery {unknown}
 k - 2 scrolls of identify {unknown}
 m - a scroll of remove curse
 q - a scroll of amnesia {unknown}
 r - a scroll of blinking {unknown}
Jewellery
 l - an uncursed ring of teleportation
Potions
 e - a potion of speed
 t - 2 potions of might


   Skills:
 * Level 3.6 Fighting
 * Level 0.1 Armour
 * Level 4.3 Dodging
 - Level 1.7 Stealth
 - Level 3.6 Unarmed Combat


You had 3 spell levels left.
You didn't know any spells.

Dungeon Overview and Level Annotations

Branches:
Dungeon (3/27)

Altars:


Innate Abilities, Weirdness & Mutations

You have large cloven feet.
When hurt, damage is shared between your health and your magic reserves.


Message History

* * * LOW HITPOINT WARNING * * *
The orc wizard casts a spell.
The orc wizard seems to speed up.
A bat comes into view.
The bat moves out of view.
The orc wizard looks braver.
The bat hits you but does no damage.
The orc wizard looks braver.
The bat closely misses you.
Found 16 bolts.
The orc wizard looks braver.
The bat closely misses you. The bat hits you but does no damage.
Found a scroll labeled HOFOTZIFOB and a scroll labeled JITELO CIMERI.
The bat hits you but does no damage. The bat hits you but does no damage.
The bat hits you but does no damage. The orc wizard casts a spell at you.
The magic dart hits you!
You die...

#................####...........
##.......................#
#...............####)##.# .
##........#.......###)##o##'###.
#.........#............o........
#.........##.......o#.......##.#
#.........##........#.......##
#...................#.$........
#..<...........@.............#.
#................b...........#
#.........................#..
#...........?...#.#..........
#...........................
#............?....(####....
#........ ##.....#.. ...
#....... #......... .. ... ... .


You could see an orc wizard and a bat.

Vanquished Creatures
  4 adders
  A gnoll (D:2)
  A giant mite (D:1)
  A giant gecko (D:1)
  2 orcs (D:3)
  A ball python (D:1)
  2 giant cockroaches (D:1)
  6 goblins
  7 hobgoblins
  9 bats
  3 giant newts
  3 kobolds (D:1)
  6 rats
46 creatures vanquished.

Notes
Turn   | Place    | Note
--------------------------------------------------------------
     0 | D:1      | Chiseanne, the Demonspawn Monk, began the quest for the Orb.
     0 | D:1      | Reached XP level 1. HP: 16/16 MP: 0/0
   471 | D:1      | Gained mutation: When hurt, damage is shared between your health and your magic reserves. [demonic ancestry]
   471 | D:1      | Reached XP level 2. HP: 22/22 MP: 1/1
  1103 | D:1      | Gained mutation: You have large cloven feet. [demonic ancestry]
  1103 | D:1      | Reached XP level 3. HP: 11/28 MP: 0/2
  1952 | D:2      | Reached skill level 4 in Dodging
  1995 | D:2      | Reached XP level 4. HP: 31/34 MP: 3/3
  2695 | D:3      | HP: 1/34 [orc/orcish flail (3)]
  2708 | D:3      | Killed from afar by an orc wizard

Action                   |  1- 3 |  4- 6 || total
-------------------------+-------+-------++-------
Melee: Club              |   118 |       ||   118
       Unarmed           |    17 |       ||    17
       Short sword       |    38 |       ||    38
       Flail             |     4 |    30 ||    34
Throw: Dart              |     7 |     5 ||    12
  Use: Potion            |     7 |     2 ||     9
       Scroll            |     2 |       ||     2
